 Dungeon Crawl Stone Soup version 0.31.0-12-g77e489cdc1 (webtiles) character file.

Game seed: 11388119329784048642

7348 gohu the Geomancer (level 11, -1/68 HPs)
             Began as a Gargoyle Earth Elementalist on Feb 26, 2024.
             Slain by an orc warlord
             ... wielding a +2 broad axe
              (27 damage)
             ... in a bailey.
             The game lasted 00:30:37 (8135 turns).

gohu the Geomancer (Gargoyle Earth Elementalist)    Turns: 8135, Time: 00:30:38

Health: -1/68      AC: 11    Str: 15    XL:     11   Next: 13%
Magic:  2/21       EV: 16    Int: 20    God:
Gold:   270        SH:  0    Dex: 10    Spells: 12/23 levels left

rFire   . . .        u - staff of earth
rCold   . . .        (no shield)
rNeg    + . .        n - +0 robe "Fuclei" {Regen+ Str+3}
rPois   ∞            (no helmet)
rElec   +            (no cloak)
rCorr   .            i - +0 pair of gloves
SInv    +            (no boots)
Will    .....        (no amulet)
Stlth   ++           G - +5 ring of evasion
HPRegen 1.11/turn    w - ring of see invisible
MPRegen 0.17/turn

%: no passive effects
@: brilliant
A: sickness immunity, AC +8, negative energy resistance 1, electricity
resistance, torment resistance 1, petrification resistance
a: no special abilities


You were in a bailey.
You visited 1 branch of the dungeon, and saw 10 of its levels.
You also visited: Bailey.

You collected 479 gold pieces.
You spent 209 gold pieces at shops.

Inventory:

Hand Weapons
 d - a +0 sling
 L - a +0 flail
Missiles
 A - 9 javelins (quivered)
Armour
 a - a +0 robe
 i - a +0 pair of gloves (worn)
 n - the +0 robe "Fuclei" (worn) {Regen+ Str+3}
   (You found it on level 2 of the Dungeon)

   Str+3:     It affects your strength (+3).
   Regen+:    It increases your rate of health regeneration.
 K - a +2 leather armour of fire resistance
Magical Staves
 u - a staff of earth (weapon)
Jewellery
 s - an amulet of guardian spirit
 w - a ring of see invisible (right hand)
 G - a +5 ring of evasion (left hand)
Wands
 t - a wand of polymorph (9)
 F - a wand of mindburst (4)
Scrolls
 c - 4 scrolls of enchant weapon
 f - 2 scrolls of poison {unknown}
 g - 2 scrolls of immolation {unknown}
 j - 3 scrolls of noise {unknown}
 o - 2 scrolls of vulnerability
 v - 2 scrolls of teleportation {unknown}
 x - a scroll of fear {unknown}
 y - 2 scrolls of blinking {unknown}
 z - 3 scrolls of enchant armour {unknown}
 C - a scroll of torment {unknown}
 H - a scroll of silence {unknown}
Potions
 b - a potion of magic
 e - a potion of attraction {unknown}
 h - 5 potions of curing
 k - 3 potions of lignification
 l - a potion of degeneration
 q - 3 potions of might
 r - 2 potions of haste
 B - a potion of enlightenment
 D - a potion of heal wounds
 E - 2 potions of invisibility {unknown}
 I - a potion of ambrosia {unknown}
Miscellaneous
 J - a box of beasts


   Skills:
 + Level 7.8 Fighting
 - Level 2.8 Throwing
 - Level 3.4 Armour
 - Level 1.5 Dodging
 - Level 2.1 Stealth
 + Level 6.9 Spellcasting
 + Level 10.1 Conjurations
 + Level 10.7 Earth Magic
 + Level 0.6 Evocations


You had 12 spell levels left.
You knew the following spells:

 Your Spells              Type           Power      Damage    Failure   Level
a - Sandblast             Erth           100%       2d20      1%          1
b - Stone Arrow           Conj/Erth      100%       3d13      1%          3
c - Brom's Barrelling Bo  Conj/Erth      83%        2d9       1%          4
d - Passwall              Erth           84%        N/A       1%          3

Your spell library contained the following spells:

 Spells                   Type           Power      Damage    Failure   Level
 Summon Small Mammal      Summ           40%        N/A       10%         1
 Petrify                  Alch/Erth      59%        N/A       11%         4
 Flame Wave               Conj/Fire      40%        2d11      12%         4
 Jinxbite                 Hex            20%        N/A       14%         2
 Call Canine Familiar     Summ           10%        N/A       28%         3
 Fugue of the Fallen      Necr           10%        N/A       28%         3
 Gell's Gravitas          Tloc           10%        N/A       28%         3
 Inner Flame              Hex/Fire       10%        N/A       28%         3
 Ozocubu's Armour         Ice            10%        N/A       28%         3
 Teleport Other           Tloc           10%        N/A       28%         3
 Manifold Assault         Tloc           10%        N/A       67%         4
 Sticky Flame             Fire/Alch      10%        2d5       67%         4
 Summon Blazeheart Golem  Fire/Summ      10%        N/A       67%         4
 Yara's Violent Unravell  Hex/Alch       5%         3d4       95%         5
 Dispersal                Tloc           5%         N/A       100%        6
 Enfeeble                 Hex            5%         N/A       100%        7


Dungeon Overview and Level Annotations

Branches:
Dungeon (11/15)            Temple (0/1) D:7            Lair (0/5) D:10
    Orc (0/2) D:10         Bailey (1/1)

Altars:
Gozag
Kikubaaqudgha
Okawaru
Ru
Trog

Shops:
D:5 :!*?   D:7 [

Annotations:
D:3 Sigmund
D:5 1 runed translucent door, Crazy Yiuf
D:7 exclusion: door


Innate Abilities, Weirdness & Mutations

You are immune to sickness and miasma.
Your stone body is resilient. (AC +8)
You are immune to poison.
You resist negative energy. (rN+)
You are resistant to electric shocks. (rElec)
You are resistant to unholy torment.
You are immune to petrification.


Message History

Aim: an orc warlord, wielding a +2 broad axe and wearing a +0 chain mail (heavily wounded, 84% to hit)
You feel a strong surge of power!
The stone arrow misses the orc warlord.
The orc warlord hits you but does no damage.
The orc hits you with a +0 hand axe.
Casting: Stone Arrow (safe; 1% risk of failure)
Confirm with . or Enter, or press ? or * to list all spells.
Aiming: Stone Arrow (safe; 1% risk of failure)
Press: ? - help, Shift-Dir - straight line, f/p - orc warlord
Aim: an orc warlord, wielding a +2 broad axe and wearing a +0 chain mail (heavily wounded, 84% to hit)
You feel a strong surge of power!
The stone arrow hits the orc warlord!!
The orc warlord is severely wounded.
The orc warlord completely misses you. The orc hits you but does no damage.
Casting: Stone Arrow (safe; 1% risk of failure)
Confirm with . or Enter, or press ? or * to list all spells.
Aiming: Sandblast (safe; 1% risk of failure)
Press: ? - help, Shift-Dir - straight line, f/p - orc warlord
Aim: an orc warlord, wielding a +2 broad axe and wearing a +0 chain mail (severely wounded, 89% to hit)
You feel a strong surge of power!
The blast of sand hits the orc warlord!
The orc warlord is severely wounded.
The orc warlord hits you with a +2 broad axe!
The orc hits you with a +0 hand axe.
The orc warlord hits you with a +2 broad axe!
Casting: Sandblast (safe; 1% risk of failure)
Confirm with . or Enter, or press ? or * to list all spells.
Aiming: Sandblast (safe; 1% risk of failure)
Press: ? - help, Shift-Dir - straight line, f/p - orc warlord
Aim: an orc warlord, wielding a +2 broad axe and wearing a +0 chain mail (severely wounded, 89% to hit)
You feel a strong surge of power!
The blast of sand hits the orc warlord.
The orc warlord is severely wounded.
The orc hits you but does no damage. The orc warlord completely misses you.
The orc closely misses you.
Casting: Sandblast (safe; 1% risk of failure)
Confirm with . or Enter, or press ? or * to list all spells.
Aiming: Stone Arrow (safe; 1% risk of failure)
Press: ? - help, Shift-Dir - straight line, f/p - orc warlord
Aim: an orc warlord, wielding a +2 broad axe and wearing a +0 chain mail (severely wounded, 84% to hit)
You feel a strong surge of power!
The stone arrow hits the orc warlord!!
The orc warlord is almost dead.
The orc warlord hits you with a +2 broad axe!!
You die...

##..)).## .......
#..)....# #..o..
##.......## .....
#....)....# #...
##.........##
###'###.....⌠.....#
##88.88##.))......##
#.......#..)......#
.##.....).##@......##
..'........goo......#
.##.........##.....##
#.....⌠.....#######
##.........##
#.........#
##.......## #?!...!?#
##?!∩!!##


You could see an orc warlord, an orc (strong) and a hobgoblin.

Vanquished Creatures
  Pikel (D:7)
  An orc knight (Bailey)
  A manticore (D:6)
  2 centaur zombies (D:11)
  An unseen horror (D:11)
  A vampire (D:11)
  A yak (D:5)
  Edmund (D:5)
  A water moccasin (D:5)
  A sky beast (D:6)
  2 ice beasts (D:5)
  2 black bears
  8 orc warriors (Bailey)
  An ogre (D:7)
  5 centaurs
  2 lemures (D:7)
  A phantom (D:4)
  Blork the orc (D:5)
  3 bullfrogs (D:7)
  3 scorpions
  A burial acolyte (D:5)
  4 wights (D:7)
  6 killer bees (D:10)
  6 mutant beasts (D:7)
  2 howler monkeys
  6 hounds
  3 jellies
  2 bombardier beetles (D:5)
  5 orc priests
  An iguana (D:5)
  3 sleepcaps
  Ijyb (D:4)
  9 orc wizards
  2 hound zombies (D:5)
  10 gnolls
  9 adders
  4 shadow imps
  An ufetubus (D:5)
  An adder zombie (D:5)
  2 dart slugs
  2 ribbon worms
  23 orcs
  5 endoplasms (D:1)
  A giant cockroach (D:4)
  15 goblins
  11 hobgoblins
  5 jackals (D:1)
  2 kobolds
  6 quokkas
  6 ball pythons
  A frilled lizard (D:1)
  4 kobold zombies (D:5)
  2 rats (D:2)
200 creatures vanquished.

Vanquished Creatures (collateral kills)
  4 boulders
4 creatures vanquished.

Vanquished Creatures (others)
  A boulder (D:11)
1 creature vanquished.

Grand Total: 205 creatures vanquished

Notes
Turn   | Place    | Note
-------+----------+-------------------------------------------
     0 | D:1      | gohu the Gargoyle Earth Elementalist began the quest for
                  | the Orb.
     0 | D:1      | Reached XP level 1. HP: 10/10 MP: 3/3
   167 | D:1      | Reached XP level 2. HP: 15/15 MP: 1/5
   393 | D:1      | Reached skill level 5 in Earth Magic
   393 | D:1      | Reached XP level 3. HP: 19/19 MP: 6/6
   397 | D:1      | Learned a level 3 spell: Stone Arrow
  1317 | D:2      | Reached XP level 4. HP: 24/24 MP: 3/7
  1725 | D:2      | Identified the +0 robe "Fuclei" {Regen+ Str+3}
  2136 | D:3      | Found a faded altar of an unknown god.
  2215 | D:3      | Noticed Sigmund
  2393 | D:4      | Reached XP level 5. HP: 26/28 MP: 4/8
  2489 | D:4      | Noticed Ijyb
  2507 | D:4      | Killed Ijyb
  2508 | D:4      | Reached skill level 1 in Fighting
  2663 | D:4      | Noticed a phantom
  2668 | D:4      | Killed a phantom
  2669 | D:4      | Reached XP level 6. HP: 34/34 MP: 5/9
  3477 | D:4      | Reached XP level 7. HP: 39/40 MP: 8/11
  3581 | D:5      | Entered Level 5 of the Dungeon
  3583 | D:5      | Found Xyomecw's Assorted Antiques.
  3606 | D:5      | Bought a scroll labelled YMAINLE TEGEPPA for 30 gold pieces
  3606 | D:5      | Bought a scroll labelled VAFYGH FEGYGE for 30 gold pieces
  3606 | D:5      | Bought a scroll labelled MUUCLE WULI for 30 gold pieces
  3606 | D:5      | Bought a scroll labelled AVOSYO LASMI for 30 gold pieces
  3606 | D:5      | Bought an amethyst potion for 27 gold pieces
  3668 | D:5      | Noticed a yak
  3688 | D:5      | Reached skill level 5 in Conjurations
  3852 | D:5      | Reached XP level 8. HP: 46/46 MP: 10/13
  3901 | D:5      | Found Fytuezuq's Book Boutique.
  3946 | D:5      | Noticed Edmund
  3959 | D:5      | Killed Edmund
  4106 | D:5      | Found Cuoqaxzute's Distillery.
  4111 | D:5      | Noticed Blork the orc
  4115 | D:5      | Killed Blork the orc
  4136 | D:5      | Bought a potion of curing for 36 gold pieces
  4185 | D:5      | Found Nuth's Magic Scroll Shop.
  4193 | D:5      | Bought a scroll of identify for 26 gold pieces
  4323 | D:5      | Found an ancient bone altar of Kikubaaqudgha.
  4581 | D:5      | Found a runed translucent door.
  4582 | D:5      | Noticed Crazy Yiuf
  4701 | D:5      | Killed a yak
  4823 | D:6      | Reached XP level 9. HP: 52/52 MP: 12/15
  4828 | D:6      | Learned a level 4 spell: Brom's Barrelling Boulder
  4832 | D:6      | Learned a level 3 spell: Passwall
  4852 | D:6      | Found an iron altar of Okawaru.
  4853 | D:6      | Found a bloodstained altar of Trog.
  5091 | D:6      | Reached skill level 5 in Fighting
  5435 | D:6      | Noticed a manticore
  5469 | D:6      | Killed a manticore
  5470 | D:6      | Reached skill level 5 in Spellcasting
  6094 | D:7      | Noticed a juvenile weirdbat beast
  6224 | D:7      | Found a staircase to the Ecumenical Temple.
  6232 | D:7      | Reached skill level 1 in Armour
  6232 | D:7      | Reached XP level 10. HP: 60/60 MP: 14/18
  6298 | D:7      | Killed a juvenile weirdbat beast
  6299 | D:7      | Reached skill level 1 in Throwing
  6424 | D:7      | Noticed Pikel
  6529 | D:7      | Killed Pikel
  6608 | D:7      | Found an opulent altar of Gozag.
  6664 | D:7      | Found Xiohocosch's Antique Armour Shop.
  6951 | D:8      | Found a sacrificial altar of Ru.
  6967 | D:8      | You fall into a shaft and drop 3 floors!
  7025 | D:11     | Reached skill level 10 in Earth Magic
  7111 | D:11     | Noticed an unseen horror
  7116 | D:11     | Killed an unseen horror
  7203 | D:10     | Entered Level 10 of the Dungeon
  7265 | D:10     | Found a flagged portal.
  7272 | Bailey   | Entered a bailey
  7690 | Bailey   | Noticed an orc knight
  7694 | Bailey   | Killed an orc knight
  7695 | Bailey   | Reached skill level 10 in Conjurations
  7695 | Bailey   | Reached XP level 11. HP: 68/68 MP: 7/21
  8092 | Bailey   | Noticed an orc warlord
  8135 | Bailey   | Slain by an orc warlord

Illustrated notes

Levels and vault maps discovered:
D:1:      lordsloth_arrival_two_stooges, layout_basic
D:2:      layout_loops_corners, chequers_serial_rivers_small_3
D:3:      layout_loops_ring, nzn_wu_jian_contemplation,
          shapermc_ecumenical_altar_starsandcircs, minmay_strange_pillars,
          uniq_sigmund
D:4:      layout_gridville, uniq_ijyb
D:5:      minmay_clustersquares, layout_cave_pools,
          regret_index_kikubaaqudgha_part_by_part, serial_library,
          serial_library_regret_index_split_case,
          serial_library_hellmonk_hallway_b, serial_library_hellmonk_semicircle,
          serial_library_hellmonk_recessed_alcove,
          serial_library_hellmonk_open_cross, serial_shops, shop, shop_scrolls,
          shop, shop, uniq_crazy_yiuf_cottage, uniq_blork_the_orc, uniq_edmund
D:6:      layout_basic, nicolae_overflow_squiral, minmay_small_thing
D:7:      layout_basic, old_standard_altar, serial_rivers,
          chequers_serial_rivers_room_b, chequers_serial_rivers_small_3,
          chequers_serial_rivers_marsh, chequers_serial_rivers_large_a,
          serial_shops, nicolae_shop_rolling_square, nicolae_beast_mode,
          uniq_pikel
D:8:      layout_loops_ring, xom_butterflies, marbit_many_paths, uniq_jeremiah,
          uniq_joseph, uniq_maggie
D:10:     layout_basic, mainiacjoe_overflow_catwalk, lair_entry_dummy,
          enter_bailey_2, minmay_misc_feat_columns, dk_rats_in_the_wall
D:11:     layout_loops_ring, serial_undead, serial_undead_f, serial_undead_b,
          serial_undead_d, serial_undead_c, serial_undead_a, serial_undead_c,
          serial_undead_c, serial_undead_f
Bailey:   bailey_axe_minmay_hex_keep, bailey

Skill      XL: |  1  2  3  4  5  6  7  8  9 10 |
---------------+-------------------------------+-----
Earth Magic    | 4 5 6 7 8 9 10 | 10.7
Fighting       | 1 2 3 4 6 7 |  7.8
Conjurations   | 2 3 5 7 9 10 | 10.1
Spellcasting   | 3 4 5 6 |  6.9
Armour         | 1 3 |  3.4
Throwing       | 2 |  2.8
Dodging        | |  1.5
Stealth        | |  2.1
Evocations     | |  0.6

Action                     |  1- 3 |  4- 6 |  7- 9 | 10-12 || total
---------------------------+-------+-------+-------+-------++-------
  Melee: Unarmed           |       |     8 |       |       ||     8
         Staff             |       |     8 |       |       ||     8
   Fire: Sling             |    20 |    12 |       |       ||    32
  Throw: Javelin           |       |       |    12 |     4 ||    16
   Cast: Sandblast         |    25 |    53 |   143 |   126 ||   347
         Stone Arrow       |       |       |     1 |    24 ||    25
         Brom's Barrelling |       |       |       |     5 ||     5
    Use: Potion            |       |     2 |       |     1 ||     3
         Scroll            |       |       |     8 |     1 ||     9
   Stab: Confused          |       |     1 |       |       ||     1
 Armour: Robe              |     6 |    32 |    57 |    62 ||   157
         Skin              |       |     2 |       |       ||     2
  Dodge: Dodged            |     3 |    15 |    79 |    92 ||   189
